 Dungeon Crawl Stone Soup version 0.28.0 (webtiles) character file.

Game seed: 7729462082499603206

7774 RepHenryClay the Carver (level 11, -2/30 (75) HPs)
             Began as a Formicid Fighter on Feb 18, 2022.
             Was an Elder of Okawaru.
             Slain by a komodo dragon (23 damage)
             ... on level 1 of the Lair of Beasts.
             The game lasted 00:18:52 (12735 turns).

RepHenryClay the Carver (Formicid Fighter)         Turns: 12735, Time: 00:18:52

HP:   -2/30 (75)    AC: 14    Str: 26    XL:     11   Next: 43%
MP:   16/16         EV:  8    Int:  7    God:    Okawaru [****..]
Gold: 423           SH:  4    Dex: 10    Spells: 10/10 levels left

rFire   . . .      SeeInvis +   b - +4 scimitar (flame)
rCold   . . .      Faith    .   c - +0 buckler
rNeg    . . .      Spirit   .   g - +0 chain mail
rPois   +          Reflect  .   (helmet unavailable)
rElec   .          Harm     .   G - +0 cloak
rCorr   .          Rampage  .   (no gloves)
Will    +....                   e - +0 pair of boots
Stlth   ..........              x - amulet of regeneration
HPRegen 0.90/turn               i - ring of poison resistance
MPRegen 0.15/turn               (no ring)

@: extremely drained
A: permanent stasis, dig shafts and tunnels, antennae 3, four strong arms
a: Dig, Shaft Self, Renounce Religion, Heroism, Finesse


You were on level 1 of the Lair of Beasts.
You worshipped Okawaru.
Okawaru was greatly pleased with you.
You visited 3 branches of the dungeon, and saw 13 of its levels.
You also visited: Sewer.

You collected 423 gold pieces.

Inventory:

Hand Weapons
 a - the +7 Throatcutter {drain, coup de grace}
   (You took it off Terence on level 3 of the Dungeon)

   A truly terrible weapon, it drains the life of any living foe it strikes.
   It may instantly kill foes which have little health.
 b - a +4 scimitar of flaming (weapon)
 h - a +1 great sword
 L - the +9 falchion of Connosch {venom, rN+}
   (You found it on level 10 of the Dungeon)

   It poisons the flesh of those it strikes.
   rN:        It protects you from negative energy.
Missiles
 f - 8 javelins (quivered)
 s - 25 poisoned darts
 v - 3 curare-tipped darts
 B - a throwing net
 E - 8 silver javelins
Armour
 c - a +0 buckler (worn)
 e - a +0 pair of boots (worn)
 g - a +0 chain mail (worn)
 G - a +0 cloak (worn)
Jewellery
 i - a ring of poison resistance (left hand)
 x - an amulet of regeneration (around neck)
 A - an amulet of reflection
 F - a ring of protection from cold
 N - an amulet of guardian spirit
Wands
 p - a wand of charming (5)
 D - a wand of mindburst (26)
 J - a wand of paralysis (4)
 M - a wand of flame (7)
Scrolls
 j - a scroll of enchant armour
 k - 4 scrolls of enchant weapon
 m - a scroll of vulnerability
 q - a scroll of fear {unknown}
 u - a scroll of fog {unknown}
 w - a scroll of silence {unknown}
 y - a scroll of summoning {unknown}
 z - a scroll of magic mapping
 I - 2 scrolls of noise {unknown}
 O - a scroll of amnesia {unknown}
 P - a scroll of brand weapon {unknown}
Potions
 d - a potion of might
 l - 5 potions of curing
 n - 3 potions of berserk rage
 o - 3 potions of brilliance
 r - 6 potions of heal wounds
 t - a potion of flight
 C - 2 potions of invisibility
 H - a potion of haste {unknown}
 K - 2 potions of lignification


   Skills:
 - Level 3.2 Fighting
 - Level 12.6 Long Blades
 - Level 4.0 Throwing
 - Level 9.9 Armour
 - Level 4.4 Shields
 + Level 7.3 Invocations


You had 10 spell levels left.
You didn't know any spells.
Your spell library contained the following spells:

 Spells                   Type           Power      Damage    Failure   Level
 Apportation              Tloc           0%         N/A       95%         1
 Freeze                   Ice            0%         1d3       95%         1
 Ensorcelled Hibernation  Hex/Ice        0%         N/A       99%         2
 Passwall                 Tmut/Erth      0%         N/A       99%         2
 Sublimation of Blood     Necr           0%         N/A       99%         2
 Wereblood                Tmut           0%         N/A       99%         2
 Frozen Ramparts          Ice            0%         1d2       100%        3
 Lesser Beckoning         Tloc           0%         N/A       100%        3
 Ozocubu's Armour         Ice            0%         N/A       100%        3
 Fulminant Prism          Conj/Hex       0%         3d6       100%        4
 Hailstorm                Conj/Ice       0%         3d3       100%        4
 Iskenderun's Mystic Bla  Conj/Tloc      0%         2d3       100%        4
 Lee's Rapid Deconstruct  Erth           0%         3d5*      100%        5
 Manifold Assault         Tloc           0%         N/A       100%        5
 Ozocubu's Refrigeration  Ice            0%         4d5       100%        7
 Animate Skeleton         Necr           Unusable   N/A       N/A         1
 Summon Small Mammal      Summ           Unusable   N/A       N/A         1
 Blink                    Tloc           Unusable   N/A       N/A         2
 Swiftness                Air            Unusable   N/A       N/A         3
 Malign Gateway           Summ/Tloc      Unusable   N/A       N/A         7
 Summon Hydra             Summ           Unusable   N/A       N/A         7
 Summon Horrible Things   Summ           Unusable   N/A       N/A         8

Dungeon Overview and Level Annotations

Branches:
Dungeon (11/15)            Temple (1/1) D:6            Lair (1/6) D:10
    Orc (0/2) D:10          Sewer (visited)

Altars:
Ashenzari
Cheibriados
Dithmenos
Elyvilon
Fedhas
Gozag
Hepliaklqana
Kikubaaqudgha
Makhleb
Nemelex Xobeh
Okawaru
Qazlal
Ru
Sif Muna
Trog
Uskayaw
Vehumet
Wu Jian
Xom
Yredelemnul
Zin
The Shining One

Annotations:
D:8 3 runed translucent doors, DrStoges's ghost, novice BaIE; TheOneDM's ghost, novice MiFi
D:10 unfinished


Innate Abilities, Weirdness & Mutations

You cannot be hasted, slowed, berserked, paralysed or teleported.
You can dig through walls and to a lower floor.
You have a pair of large antennae on your head. (SInv)
Your four strong arms can wield two-handed weapons with a shield.


Message History

There is a stone staircase leading down here.
Damage: -13%(-4hp) hp: 87%(26hp)
You hit the gnoll. You burn the gnoll.
The gnoll is lightly wounded.
You slash the gnoll! You burn the gnoll.
You kill the gnoll!
Okawaru accepts your kill.
No target in view!
No target in view!
Unknown command.
You see here a +0 flail.
Annotate which branch? (. - D:10, ? - help, ! - show branch list) New annotation for D:10 (include '!' for warning): unfinished
(D) Dungeon (T) Temple (L) Lair (O) Orcish Mines
Where to? (Enter - D:10 @ (x,y), ? - help)
What level of the Lair of Beasts? (default 1, ? - help) HP restored.
There is a staircase to the Lair here.
You climb downwards.
Welcome to the Lair of Beasts!
Found a war axe.
There is a staircase back to the Dungeon here.
Found a quarterstaff.
Found a stone staircase leading down.
A komodo dragon comes into view.
You see here a +0 quarterstaff.
You hit the komodo dragon. You burn the komodo dragon.
The komodo dragon is lightly wounded.
The komodo dragon bites you!
Huge Dmg: -36%(-11hp) hp: 64%(19hp)
You hit the komodo dragon but do no damage.
The komodo dragon is lightly wounded.
The komodo dragon closely misses you.
You barely miss the komodo dragon.
The komodo dragon is lightly wounded.
You block the komodo dragon's attack.
You slash the komodo dragon! You burn the komodo dragon.
The komodo dragon is heavily wounded.
The komodo dragon bites you!!
Ouch! That really hurt!
You die...

.# ##.###
####..#.##
#...!>...#
####........#
#...........#..
##...........
#(...@l...P#
##........##
#........#
#........#
#........#
###.#.####
#..)..#
###..#+##
##.......#


You could see a komodo dragon.

Vanquished Creatures
  Harold (D:7)
  Erica (D:9)
  A cyclops (D:10)
  Maggie (D:7)
  A troll (D:9)
  Prince Ribbit (D:8)
  15 yaks
  A wraith (D:10)
  An acid dragon (D:8)
  2 water moccasins
  An orc warrior (D:10)
  An ice beast (D:6)
  A sky beast (D:5)
  A black bear (D:7)
  An ogre (D:4)
  3 centaurs
  7 kobold brigands
  A bullfrog (D:7)
  A scorpion (D:5)
  A wyvern skeleton (D:6)
  5 killer bees (D:7)
  8 wights
  A howler monkey (D:4)
  2 centaur zombies
  3 bullfrog zombies
  4 orc priests
  3 hounds
  Crazy Yiuf (D:4)
  A gnoll shaman (D:6)
  Terence (D:3)
  7 orc wizards
  A killer bee zombie (D:7)
  A hound zombie (D:5)
  Robin (D:1)
  3 adders
  8 gnolls
  2 shadow imps
  2 ufetubi
  An adder zombie (D:5)
  An adder skeleton (D:4)
  6 worms
  21 orcs
  10 ball pythons
  14 endoplasms
  A giant cockroach (D:2)
  12 goblins
  13 hobgoblins
  10 jackals
  29 kobolds
  4 quokkas
  A frilled lizard (D:1)
  8 rats
228 creatures vanquished.

Vanquished Creatures (others)
  A plant (D:10)
1 creature vanquished.

Grand Total: 229 creatures vanquished

Notes
Turn   | Place    | Note
-------+----------+-------------------------------------------
     0 | D:1      | RepHenryClay the Formicid Fighter began the quest for the
                  | Orb.
     0 | D:1      | Reached XP level 1. HP: 18/18 MP: 1/1
   220 | D:1      | Reached XP level 2. HP: 24/24 MP: 2/2
   752 | D:1      | Reached XP level 3. HP: 29/29 MP: 3/3
   942 | D:2      | Noticed Robin
  1294 | D:1      | Killed Robin
  1295 | D:1      | Reached XP level 4. HP: 35/35 MP: 4/4
  1585 | D:2      | Found a faded altar of an unknown god.
  1704 | D:2      | Reached skill level 3 in Long Blades
  2157 | D:3      | Reached XP level 5. HP: 37/41 MP: 5/5
  2686 | D:3      | Reached skill level 4 in Long Blades
  2869 | D:3      | Noticed Terence
  3011 | D:4      | Noticed an ogre
  3021 | D:4      | Killed an ogre
  3022 | D:4      | Reached XP level 6. HP: 38/47 MP: 6/6
  3113 | D:4      | Reached skill level 5 in Armour
  3196 | D:4      | Reached skill level 5 in Long Blades
  3345 | D:4      | Found a runed translucent door.
  3346 | D:4      | Noticed Crazy Yiuf
  3789 | D:5      | Entered Level 5 of the Dungeon
  3859 | D:5      | Reached XP level 7. HP: 52/52 MP: 7/7
  4028 | D:4      | Reached skill level 6 in Long Blades
  4690 | D:5      | Reached XP level 8. HP: 49/58 MP: 8/8
  5087 | D:5      | Reached skill level 7 in Long Blades
  5298 | D:6      | Found a glowing drain.
  5317 | Sewer    | Entered a sewer
  6137 | D:6      | Reached skill level 8 in Long Blades
  6814 | D:6      | Found a staircase to the Ecumenical Temple.
  6841 | D:6      | Reached XP level 9. HP: 64/64 MP: 9/9
  7006 | Temple   | Entered the Ecumenical Temple
  7225 | Temple   | Became a worshipper of Warmaster Okawaru
  7465 | D:6      | Reached skill level 9 in Long Blades
  8117 | D:7      | Reached skill level 1 in Throwing
  8217 | D:7      | Noticed Harold
  8240 | D:7      | Killed Harold
  8240 | D:7      | Reached * piety under Okawaru
  8249 | D:7      | Reached skill level 10 in Long Blades
  8754 | D:7      | Noticed Maggie
  8784 | D:7      | Killed Maggie
  8784 | D:7      | Reached ** piety under Okawaru
  8785 | D:7      | Reached XP level 10. HP: 26/70 MP: 10/10
  9390 | D:7      | Found a white marble altar of Elyvilon.
  9390 | D:7      | Found a glowing golden altar of the Shining One.
  9593 | D:8      | Found a runed translucent gate.
  9707 | D:8      | Found a runed translucent gate.
  9708 | D:8      | Found a runed translucent gate.
  9709 | D:8      | Noticed TheOneDM's ghost (novice MiFi)
  9709 | D:8      | Noticed DrStoges's ghost (novice BaIE)
 10228 | D:8      | Found a shimmering blue altar of Sif Muna.
 10316 | D:8      | Noticed Prince Ribbit
 10347 | D:8      | Killed Prince Ribbit
 10348 | D:8      | Reached skill level 11 in Long Blades
 10355 | D:8      | Found a broken altar of Ashenzari.
 10355 | D:8      | Found an ornate altar of the Wu Jian Council.
 10355 | D:8      | Found a sacrificial altar of Ru.
 10355 | D:8      | Found a shadowy altar of Dithmenos.
 10365 | D:8      | Found a glowing silver altar of Zin.
 10365 | D:8      | Found a blossoming altar of Fedhas.
 10611 | D:3      | Killed Terence
 10669 | D:4      | Killed Crazy Yiuf
 11149 | D:9      | Noticed Erica
 11156 | D:9      | Killed Erica
 11156 | D:9      | Reached *** piety under Okawaru
 11229 | D:9      | Reached skill level 12 in Long Blades
 11643 | D:10     | Entered Level 10 of the Dungeon
 11643 | D:10     | Noticed a cyclops
 11645 | D:10     | Noticed a cyclops
 11648 | D:10     | Noticed a catoblepas
 11651 | D:10     | Killed a cyclops
 11651 | D:10     | Reached **** piety under Okawaru
 11652 | D:10     | Reached XP level 11. HP: 60/75 MP: 11/11
 11719 | D:10     | Reached skill level 1 in Invocations
 11876 | D:10     | Reached skill level 5 in Invocations
 11891 | D:10     | Identified the +9 falchion of Connosch {venom, rN+}
 11916 | D:10     | Found a staircase to the Orcish Mines.
 11963 | D:10     | Found a staircase to the Lair.
 12667 | D:11     | Noticed a purple ugly thing
 12718 | Lair:1   | Entered Level 1 of the Lair of Beasts
 12735 | Lair:1   | Slain by a komodo dragon

Illustrated notes

Levels and vault maps discovered:
D:1:      dpeg_arrival_leaves_temple_mockup, layout_loops_ring
D:2:      layout_basic, shapermc_ecumenical_altar_venn, uniq_robin
D:3:      layout_basic, uniq_terence
D:4:      layout_rooms, uniq_crazy_yiuf_cottage
D:5:      layout_basic
D:6:      layout_layer_cave, minmay_temple_entry_trees,
          cheibrodos_sewer_entry_bend, nrook_loot_triangle,
          minmay_misc_feat_ornament
D:7:      layout_loops_corners, gammafunk_temple_overflow_elements, uniq_harold,
          uniq_maggie
D:8:      layout_loops_ring, lemuel_coloured_pillars_altar,
          minmay_overflow_temple_hex, gammafunk_ghost_cemetery,
          uniq_prince_ribbit1
D:9:      layout_loops_ring, minmay_liquid_box, nicolae_underground_beach,
          uniq_erica
D:10:     cheibrodos_elevator_heist, layout_loops_ring, dpeg_oklobed_lair,
          orc_0_dummy, nicolae_straight_to_the_point
D:11:     layout_roguey, minivault_25, minivault_22, hive_lemuel, uniq_sonja
Temple:   nicolae_temple_figure_eight
Lair:1:   layout_roguey

Skill      XL: |  1  2  3  4  5  6  7  8  9 10 11 |
---------------+----------------------------------+-----
Shields        | 4 |  4.4
Armour         | 4 5 6 7 8 9 |  9.9
Long Blades    | 3 4 5 6 8 10 12 | 12.6
Throwing       | 4 |  4.0
Invocations    | 7 |  7.3
Fighting       | |  3.2

Action                   |  1- 3 |  4- 6 |  7- 9 | 10-12 || total
-------------------------+-------+-------+-------+-------++-------
Melee: Long sword        |    80 |   183 |   409 |   167 ||   839
       Scimitar          |       |       |       |    30 ||    30
Throw: Javelin           |       |     2 |     4 |     3 ||     9
       Dart              |       |       |    19 |    16 ||    35
 Abil: Dig               |       |       |     1 |     3 ||     4
Evoke: Wand              |       |       |       |     3 ||     3
  Use: Scroll            |       |     3 |     8 |     3 ||    14
       Potion            |       |     1 |     2 |       ||     3
Armor: Scale mail        |    12 |       |       |       ||    12
       Chain mail        |    29 |   124 |   183 |    71 ||   407
Dodge: Dodged            |    33 |    74 |   148 |    62 ||   317
Block: Buckler           |    14 |    48 |    87 |    40 ||   189
